 Dungeon Crawl Stone Soup version 0.19-a0-1922-g1e9a4c1 (webtiles) character file.

7234 dobroeutro the Archer (level 10, -2/93 HPs)
             Began as a Centaur Hunter on Oct 24, 2016.
             Was a Priest of Okawaru.
             Slain by a guardian serpent (16 damage)
             ... on level 10 of the Dungeon.
             The game lasted 00:22:16 (14038 turns).

dobroeutro the Archer (Centaur Hunter)             Turns: 14038, Time: 00:22:16

Health: -2/93      AC: 12    Str: 21    XL:     10   Next: 88%
Magic:  10/10      EV:  7    Int: 10    God:    Okawaru [***...]
Gold:   224        SH:  4    Dex:  9    Spells: 0 memorised, 9 levels left

rFire  + . .     SeeInvis +     a - +1 shortbow
rCold  . . .     Gourm    .     v - +0 scale mail
rNeg   . . .     Faith    .     (shield currently unavailable)
rPois  +         Spirit   .     g - +0 helmet
rElec  +         Reflect  +     (no cloak)
rCorr  .         Harm     .     (no gloves)
MR     +....                    s - +0 centaur barding
Stlth  ..........               y - +4 amulet of reflection
                                Q - ring of protection from magic
                                R - ring of poison resistance

@: lethally poisoned (-2 -> -5), slowed
A: hooves 3, see invisible, clumsy 1, deformed body, fire resistance 1, speed 2,
electricity resistance, strong 2, tough skin 3
a: Heroism, Renounce Religion


You were on level 10 of the Dungeon.
You worshipped Okawaru.
Okawaru was most pleased with you.
You were very hungry.

You visited 2 branches of the dungeon, and saw 11 of its levels.
You also visited: Ossuary.

You collected 549 gold pieces.
You spent 325 gold pieces at shops.

Inventory:

Hand Weapons
 a - a +1 shortbow (weapon)
 k - a +1 short sword of protection
Missiles
 d - 110 arrows (quivered)
Armour
 c - a +0 leather armour
 g - a +0 helmet (worn)
 s - a +0 centaur barding (worn)
 v - a +0 scale mail (worn)
 N - a cursed +0 plate armour
Jewellery
 u - an uncursed ring of resist corrosion {unknown}
 y - a +4 amulet of reflection (around neck)
 E - an uncursed amulet of rage
 Q - a ring of protection from magic (right hand)
 R - a ring of poison resistance (left hand)
 T - a +3 ring of protection
 W - an uncursed ring of positive energy
Wands
 q - a wand of iceblast (5/15)
 t - a wand of lightning (11/15)
 D - a wand of random effects (30/48)
 F - a wand of iceblast (8/15)
 K - a wand of flame (27/48)
 L - a wand of confusion (28/48)
 P - a wand of paralysis (20/24)
 S - a wand of paralysis (19/24)
Scrolls
 b - a scroll of recharging
 h - 5 scrolls of identify
 H - 3 scrolls of remove curse
 I - 3 scrolls of teleportation
 U - a scroll of amnesia
 Y - a scroll of magic mapping
Potions
 e - 5 potions of curing
 i - 4 potions of might
 l - a potion of heal wounds
 m - 6 potions of resistance
 n - a potion of flight
 p - 2 potions of mutation
 r - a potion of lignification
 w - 2 potions of invisibility
 x - a potion of agility
 z - a potion of berserk rage
 A - 2 potions of cure mutation
 B - 2 potions of degeneration
 C - 3 potions of haste {unknown}
 M - 3 potions of ambrosia {unknown}
 O - 3 potions of cancellation {unknown}
Comestibles
 f - 5 bread rations
 j - 11 fruits
 o - 4 meat rations
 J - a beef jerky
 V - a slice of pizza


   Skills:
 + Level 10.2 Fighting
 - Level 4.3 Short Blades
 + Level 13.9 Bows
 - Level 3.7 Armour
 - Level 3.8 Dodging
 - Level 0.4 Stealth


You had 9 spell levels left.
You didn't know any spells.

Dungeon Overview and Level Annotations

Branches:
Dungeon (10/15)            Temple (1/1) D:5             Orc (0/2) D:9
   Lair: D:8-11

Altars:
Cheibriados
Dithmenos
Elyvilon
Fedhas
Gozag
Makhleb
Nemelex Xobeh
Okawaru
Qazlal
Ru
Sif Muna
Trog
Uskayaw
Vehumet
Xom
Yredelemnul
Zin
The Shining One

Shops:
D:8 =


Innate Abilities, Weirdness & Mutations

You have hooves in place of feet.
Armour fits poorly on your strangely shaped body.
You cover ground very quickly.
You have extremely tough skin. (AC +3)
You have supernaturally acute eyesight. (SInv)
You are clumsy. (Dex -2)
Your flesh is heat resistant. (rF+)
You are resistant to electric shocks. (rElec)
Your muscles are very strong. (Str +4)


Message History

H - 3 scrolls of remove curse (gained 1)
You block the guardian serpent's attack.
The guardian serpent casts a spell at you.
The bolt of poison hits you! You resist. The guardian serpent hits you!!
* * * LOW HITPOINT WARNING * * *
The guardian serpent casts a spell at you.
The bolt of poison hits you!
You are poisoned.
You resist.
* * * LOW HITPOINT WARNING * * *
You feel sick.
You see here a wand of iceblast.
You feel sick.
The guardian serpent hits you but does no damage.
You feel sick.
There is a stone staircase leading up, spattered with blood here.
You see here 4 arrows.
You feel sick. The guardian serpent hits you!
You die...

.............. #..)
.......[..#.....##...
##.........#.......###
##..........#..####.#
##...................##
#.......$...>.........##
#.......................
.....................#..
###...@S/...........#..
#.....<......########..
...##.........# #.. #
#.........# #..
########### #.. #.. #..
###


You could see a guardian serpent.

Vanquished Creatures
  Pikel (D:5)
  A hill giant (D:10)
  Joseph (D:10)
  A troll (D:9)
  A merfolk (D:9)
  A two-headed ogre (D:9)
  A meliai zombie (D:10)
  2 orc warriors
  2 phantoms
  5 sky beasts
  An ogre (D:5)
  4 ice beasts
  A necrophage (D:5)
  A crocodile (D:9)
  A centaur (D:10)
  A big kobold (D:9)
  2 bullfrogs
  2 elf zombies (Ossuary)
  An elf skeleton (D:5)
  2 scorpions
  7 wights
  17 killer bees
  7 jellies
  5 human zombies
  2 bullfrog zombies
  8 hounds
  4 centaur zombies
  6 orc priests
  A bullfrog skeleton (D:4)
  6 orc wizards
  3 human skeletons (D:5)
  5 iguanas
  13 worker ants
  Natasha (twice) (D:2)
  A killer bee zombie (D:6)
  A big kobold zombie (Ossuary)
  3 hound zombies
  2 hound skeletons
  3 mummies (Ossuary)
  4 gnolls (D:9)
  A worker ant zombie (D:6)
  10 adders
  2 shadow imps
  4 adder zombies (Ossuary)
  An adder skeleton (D:4)
  5 worms
  2 dart slugs (D:2)
  5 leopard geckos
  18 orcs
  9 giant cockroaches
  2 gnoll zombies (Ossuary)
  3 goblins
  9 hobgoblins
  4 jackals (D:4)
  4 quokkas
  2 ball pythons
  12 bats
  3 frilled lizards
  5 hobgoblin zombies (Ossuary)
  A jackal zombie (Ossuary)
  17 kobolds
  8 kobold zombies (Ossuary)
  A leopard gecko skeleton (D:6)
  A leopard gecko zombie (D:8)
  2 orc zombies (Ossuary)
  3 quokka zombies (Ossuary)
  9 rats
  3 rat zombies (Ossuary)
278 creatures vanquished.

Vanquished Creatures (others)
  2 slaves (D:5)
  A wight (D:5)
3 creatures vanquished.

Grand Total: 281 creatures vanquished

Notes
Turn   | Place    | Note
-------+----------+-------------------------------------------
     0 | D:1      | dobroeutro the Centaur Hunter began the quest for the Orb.
     0 | D:1      | Reached XP level 1. HP: 17/17 MP: 1/1
   238 | D:1      | Reached XP level 2. HP: 16/25 MP: 2/2
   718 | D:1      | Reached skill level 6 in Bows
   832 | D:2      | Reached XP level 3. HP: 30/30 MP: 3/3
  1004 | D:2      | Reached skill level 1 in Short Blades
  1213 | D:2      | Reached XP level 4. HP: 37/37 MP: 4/4
  1266 | D:2      | Noticed Natasha
  1283 | D:2      | Killed Natasha
  1593 | D:2      | Noticed Natasha
  1620 | D:2      | Killed Natasha
  2044 | D:2      | Reached XP level 5. HP: 23/45 MP: 5/5
  2333 | D:3      | Reached skill level 1 in Armour
  2469 | D:3      | Found a radiant altar of Vehumet.
  2508 | D:3      | Found a blossoming altar of Fedhas.
  2989 | D:4      | Noticed an ogre
  3431 | D:4      | Reached XP level 6. HP: 27/51 MP: 6/6
  3591 | D:4      | Found a burning altar of Makhleb.
  3596 | D:4      | Reached skill level 7 in Bows
  4121 | D:4      | Found a stormy altar of Qazlal.
  4475 | D:5      | Entered Level 5 of the Dungeon
  4481 | D:5      | Noticed an ice beast
  4531 | D:5      | Killed an ice beast
  4531 | D:5      | Reached XP level 7. HP: 23/59 MP: 7/7
  4763 | D:5      | Found a sand-covered staircase.
  4800 | Ossuary  | Entered an ossuary
  5122 | Ossuary  | Reached skill level 8 in Bows
  5240 | Ossuary  | Reached XP level 8. HP: 65/67 MP: 8/8
  5396 | D:5      | Reached skill level 5 in Fighting
  5584 | D:5      | Noticed Pikel
  5623 | D:5      | Killed Pikel
  5623 | D:5      | Reached skill level 9 in Bows
  5756 | D:5      | Found a staircase to the Ecumenical Temple.
  5760 | D:5      | Gained mutation: Your flesh is heat resistant. (rF+) [mutagenic meat]
  5761 | D:5      | Gained mutation: You are resistant to electric shocks. (rElec) [mutagenic meat]
  5762 | D:5      | Gained mutation: Your muscles are strong. (Str +2) [mutagenic meat]
  5763 | D:5      | Gained mutation: You are clumsy. (Dex -2) [mutagenic meat]
  5778 | Temple   | Entered the Ecumenical Temple
  5846 | Temple   | Became a worshipper of Warmaster Okawaru
  6112 | D:6      | Reached XP level 9. HP: 39/75 MP: 9/9
  7052 | D:6      | Gained mutation: You have supernaturally acute eyesight. (SInv) [mutagenic meat]
  7053 | D:6      | Gained mutation: Your muscles are very strong. (Str +4) [mutagenic meat]
  7227 | D:5      | Reached skill level 10 in Bows
  7875 | D:7      | Reached * piety under Okawaru
  8357 | D:7      | Reached skill level 11 in Bows
  9999 | D:8      | Found a shadowy altar of Dithmenos.
 10128 | D:8      | Found Relerho's Jewellery Boutique.
 10132 | D:8      | Bought an uncursed ring of protection from magic for 325 gold pieces
 10505 | D:8      | Reached XP level 10. HP: 81/88 MP: 10/10
 10598 | D:8      | Found a shimmering altar of Xom.
 10723 | D:9      | Reached skill level 12 in Bows
 10904 | D:9      | Found a glowing golden altar of the Shining One.
 10962 | D:9      | Reached ** piety under Okawaru
 11254 | D:9      | Found a staircase to the Orcish Mines.
 11780 | D:9      | Found a deep blue altar of Sif Muna.
 12186 | D:10     | Entered Level 10 of the Dungeon
 12186 | D:10     | Noticed a hill giant
 12778 | D:9      | Reached *** piety under Okawaru
 12781 | D:9      | Received a gift from Okawaru
 12914 | D:10     | Reached skill level 13 in Bows
 13927 | D:10     | Killed a hill giant
 13927 | D:10     | Reached skill level 10 in Fighting
 13937 | D:10     | Noticed Joseph
 13962 | D:10     | Killed Joseph
 13962 | D:10     | Received a gift from Okawaru
 14005 | D:10     | Noticed a guardian serpent
 14038 | D:10     | Slain by a guardian serpent

Vault maps used:
D:1:      co_arrival_random_square_maze
D:2:      first_bread, minmay_tetromino_o4, uniq_natasha
D:3:      vehumet_crystals, fedhas_altar_1
D:4:      lemuel_doored_altar, kennysheep_big_empty_room,
          makhleb_blood_cavern_becter
D:5:      nicolae_ossuary_entry_catacombs, uniq_pikel
D:6:      corexii_shack, hangedman_decor_peaks_small
D:8:      nicolae_overflow_hidden_temple, kennysheep_mini_moat,
          marbit_many_paths, serial_shops, shop_fountains
D:9:      orc_0_dummy, basic_altar, hangedman_fish_farm, lemuel_blue_sif_altar
D:10:     erik_lair_dragon, nrook_guardian_serpent_double, uniq_joseph
Temple:   eino_temple_rhombus
Ossuary:  minmay_ossuary_two_tombs

Skill      XL: |  1  2  3  4  5  6  7  8  9 10 |
---------------+-------------------------------+-----
Bows           | 6 7 8 9 11 13 | 13.9
Short Blades   | 1 2 3 4 |  4.3
Fighting       | 3 4 5 8 10 | 10.2
Armour         | 1 2 3 |  3.7
Dodging        | 2 3 |  3.8
Stealth        | |  0.4

Action                   |  1- 3 |  4- 6 |  7- 9 | 10-12 || total
-------------------------+-------+-------+-------+-------++-------
Melee: Short sword       |   136 |   179 |   408 |   127 ||   850
       Kick              |    25 |    23 |   119 |    47 ||   214
 Fire: Shortbow          |       |   113 |   539 |   284 ||   936
  Use: Scroll            |       |     2 |    16 |     2 ||    20
  Eat: Chunk             |       |     8 |    13 |     3 ||    24
       Bread ration      |       |       |     2 |     1 ||     3
       Royal jelly       |       |       |       |     1 ||     1
Armor: Leather armour    |    75 |   126 |       |       ||   201
       Scale mail        |       |    17 |   354 |   206 ||   577
Dodge: Dodged            |    78 |   104 |   140 |   105 ||   427
Block: Other             |       |       |    53 |    60 ||   113
       Reflection        |       |       |       |     1 ||     1
